AoeStats
← alexmavrovic

Glade

510724257Analyzed
1v1 RM · 21h ago on Oct 2, 2026· 37m 43s· 2 players
Game mode
Random Map
Map size
Tiny (2 player)
Population
200
Speed
Normal
Resources
Standard
Victory
Conquest
Starting age
Dark Age
Ending age
Imperial Age
RankedLock teamsTeams togetherTeam positionsShared explorationLock speedFull tech treeHidden civsTurbo modeCheats
Victory
Defeat
🇹🇼 Danes · Taiwan
1176
+19
🇨🇦 Romans · Canada
1242
-19
zzxll8595tw
7:23 Loom
9:24 Feudal Age
12:36 Wheelbarrow
13:51 Loom
16:38 Castle Age
16:22 Fletching
18:48 Double-Bit Axe
18:45 Horse Collar
30:46 Imperial Age
29:11 Town Watch
30:28 Forging
30:19 Scale Mail Armor
31:01 Pikeman
31:42 Squires
33:06 Conscription
36:11 Chain Mail Armor
36:31 Iron Casting
alexmavrovic
7:17 Loom
9:52 Feudal Age
17:52 Castle Age
16:14 Double-Bit Axe
16:46 Horse Collar
23:09 Stone Mining
25:40 Wheelbarrow
26:19 Fletching
33:31 Imperial Age
31:55 Husbandry
32:40 Scale Barding Armor
34:39 Bloodlines
35:07 Chain Barding Armor
35:27 Bodkin Arrow
Connection lost

Rejoining the realm…

Still unreachable

The connection could not be restored.

Session expired

The server has moved on; the page needs a fresh start.